 Dungeon Crawl Stone Soup version 0.31-a0-8-gd14b0f4ee2 (webtiles) character file.

Game seed: 8601079685008908954

102 Zdeegee the Gusty (level 4, -2/27 HPs)
             Began as a Tengu Air Elementalist on May 6, 2023.
             Slain by Ijyb
             ... wielding a +0 club
              (4 damage)
             ... on level 4 of the Dungeon.
             The game lasted 00:08:00 (3484 turns).

Zdeegee the Gusty (Tengu Air Elementalist)          Turns: 3484, Time: 00:08:01

Health: -2/27      AC:  2    Str:  8    XL:     4   Next: 78%
Magic:  3/8        EV: 12    Int: 18    God:
Gold:   146        SH:  0    Dex: 14    Spells: 2/8 levels left

rFire   . . .        p - +2 dagger (venom)
rCold   + . .        (no shield)
rNeg    . . .        a - +0 robe
rPois   .            (helmet restricted)
rElec   .            (no cloak)
rCorr   .            (no gloves)
SInv    .            (boots unavailable)
Will    .....        (no amulet)
Stlth   +            (no ring)
HPRegen 0.24/turn    (no ring)
MPRegen 0.11/turn

%: no passive effects
@: confused
A: beak, talons 3, cold resistance 1, robust 1, evolution 1
a: no special abilities


You were on level 4 of the Dungeon.
You visited 1 branch of the dungeon, and saw 4 of its levels.

You collected 146 gold pieces.

Inventory:

Hand Weapons
 f - a +0 mace
 o - a +0 dagger of holy wrath
 p - a +2 dagger of venom (weapon)
Armour
 a - a +0 robe (worn)
Magical Staves
 r - a staff of death
 s - a staff of poison
Jewellery
 t - a ring of fire
Scrolls
 d - a scroll of teleportation {unknown}
 i - 2 scrolls of enchant weapon {unknown}
 l - 3 scrolls of vulnerability {unknown}
 m - a scroll of poison {unknown}
 n - a scroll of fear {unknown}
Potions
 b - a potion of magic
 c - a potion of mutation
 e - a potion of attraction
 g - a potion of ambrosia
 h - a potion of might
 j - a potion of degeneration {unknown}
 k - a potion of haste {unknown}
 q - a potion of brilliance {unknown}


   Skills:
 * Level 1.4 Fighting
 * Level 0.8 Armour
 * Level 2.5 Dodging
 + Level 2.0 Stealth
 * Level 2.5 Spellcasting
 * Level 2.5 Conjurations
 * Level 0.6 Fire Magic
 * Level 5.2 Air Magic


You had 2 spell levels left.
You knew the following spells:

 Your Spells              Type           Power      Damage    Failure   Level
a - Shock                 Conj/Air       64%        1d7       3%          1
b - Static Discharge      Conj/Air       32%        2-4/arc   5%          2
c - Swiftness             Air            21%        N/A       6%          3

Your spell library contained the following spells:

 Spells                   Type           Power      Damage    Failure   Level
 Airstrike                Air            10%        2d(2-18)  21%         4


Dungeon Overview and Level Annotations

Branches:
Dungeon (4/15)
 Temple: D:4-7

Altars:
Dithmenos
Qazlal

Annotations:
D:4 Ijyb


Innate Abilities, Weirdness & Mutations

You have a beak for a mouth.
You have claws for feet.
Your flesh is cold resistant. (rC+)
You are robust. (+10% HP)
You have hidden genetic potential.


Message History

Ijyb hits you with a +0 club.
* * * LOW HITPOINT WARNING * * *
You are too injured to fight recklessly!
You are too injured to fight recklessly!
You're too confused to cast spells.
Sorry, you're not good enough to have a special ability.
You barely miss Ijyb.
Ijyb is almost dead.
Ijyb hits you with a +0 club.
* * * LOW HITPOINT WARNING * * *
You barely miss Ijyb. Your kick misses Ijyb.
Ijyb is almost dead.
Ijyb zaps a wand.
Your will is overpowered!
You are more confused.
You bump into the rock wall.
Ijyb zaps a wand.
Your will is overpowered!
You are more confused.
The now-empty wand crumbles to dust.
You barely miss Ijyb. Your kick misses Ijyb. Your peck misses Ijyb.
Ijyb is almost dead.
Ijyb hits you with a +0 club.
* * * LOW HITPOINT WARNING * * *
You hit Ijyb but do no damage. Your peck misses Ijyb.
Ijyb is almost dead.
Ijyb misses you.
You miss Ijyb. Your peck misses Ijyb.
Ijyb is almost dead.
Ijyb hits you with a +0 club.
* * * LOW HITPOINT WARNING * * *
You're too confused to move!
Ijyb completely misses you. Ijyb screams, "Me kill you!"
Ijyb barely misses you.
You bump into the rock wall.
Ijyb misses you.
You bump into the rock wall.
Ijyb barely misses you.
You bump into the rock wall.
Ijyb hits you with a +0 club.
* * * LOW HITPOINT WARNING * * *
You bump into the rock wall.
Ijyb closely misses you.
You miss Ijyb. You claw Ijyb, but do no damage. Your peck misses Ijyb.
Ijyb is almost dead.
Ijyb hits you with a +0 club.
You die...

#.#
#..#.#########.####.#
#.# #........... ...#
#.# #.##.####### #..#
#.# #.##.# ....
#.#######.##.# #..##
#.........##.# ##..#
#########)##.####....
..# ####.g.......
#@######## ###


You could see Ijyb.

Vanquished Creatures
  2 adders (D:2)
  A worm (D:2)
  3 dart slugs
  An orc (D:3)
  5 endoplasms
  A giant cockroach (D:2)
  12 goblins
  8 hobgoblins
  7 kobolds
  4 quokkas
  2 ball pythons (D:1)
  7 bats
  5 frilled lizards
  10 rats
68 creatures vanquished.

Notes
Turn   | Place    | Note
-------+----------+-------------------------------------------
     0 | D:1      | Zdeegee the Tengu Air Elementalist began the quest for the
                  | Orb.
     0 | D:1      | Reached XP level 1. HP: 10/10 MP: 4/4
   241 | D:1      | Reached XP level 2. HP: 15/15 MP: 3/6
   247 | D:1      | Learned a level 2 spell: Static Discharge
   868 | D:1      | Reached XP level 3. HP: 19/19 MP: 5/7
   872 | D:1      | Learned a level 3 spell: Swiftness
  1074 | D:2      | You fall into a shaft and drop 1 floor!
  1333 | D:2      | Gained mutation: You have hidden genetic potential. [potion
                  | of mutation]
  1333 | D:2      | Gained mutation: Your flesh is cold resistant. (rC+)
                  | [potion of mutation]
  1344 | D:2      | Reached skill level 1 in Fighting
  1489 | D:2      | Reached skill level 5 in Air Magic
  1551 | D:2      | Reached XP level 4. HP: 19/25 MP: 1/8
  1816 | D:2      | Gained mutation: You are robust. (+10% HP) [hidden
                  | potential]
  2135 | D:2      | Found a stormy altar of Qazlal.
  2801 | D:3      | Found a faded altar of an unknown god.
  2977 | D:3      | Found a shadowy altar of Dithmenos.
  3455 | D:4      | Noticed Ijyb
  3484 | D:4      | Slain by Ijyb

Illustrated notes

Levels and vault maps discovered:
D:1:      sevenhm_arrival_forest_fort_large_4, layout_basic, minmay_tetromino_l4
D:2:      layout_loops_ring, basic_altar, serial_rivers,
          chequers_serial_rivers_large_a, chequers_serial_rivers_small_3,
          chequers_serial_rivers_micro_a, chequers_serial_rivers_small_3,
          minmay_goblin_outpost
D:3:      layout_loops_cross, marbit_many_paths,
          hellmonk_ecumenical_altar_pennies_from_heaven
D:4:      layout_basic, grunt_temple_overflow_opulence,
          nicolae_wu_jian_wuxing_cycle, grunt_temple_overflow_open,
          minmay_quadrilaterals, uniq_ijyb

Skill      XL: |  1  2  3 |
---------------+----------+-----
Fighting       | 1 |  1.4
Air Magic      | 5 |  5.2
Conjurations   | 2 |  2.5
Armour         | |  0.8
Dodging        | |  2.5
Stealth        | |  2.0
Spellcasting   | |  2.5
Fire Magic     | |  0.6

Action                     |  1- 3 |  4- 6 || total
---------------------------+-------+-------++-------
  Melee: Unarmed           |     2 |       ||     2
         Mace              |     2 |       ||     2
         Dagger            |       |     9 ||     9
         Kick              |       |     2 ||     2
   Cast: Shock             |    69 |    78 ||   147
    Use: Scroll            |     2 |     2 ||     4
         Potion            |     1 |       ||     1
   Stab: Sleeping          |     1 |       ||     1
 Armour: Robe              |     2 |     1 ||     3
  Dodge: Dodged            |     6 |    14 ||    20

Table legend: (Time is in decaauts)
 A = Elapsed time spent in this place.
 B = Non-inter-level travel time spent in this place.
 C = Inter-level travel time spent in this place.
 D = Time resting spent in this place.
 E = Time spent auto-exploring this place.
 F = Levels seen in this place.
 G = Mean time per level.
                   A        B        C        D        E       F      G
               +--------+--------+--------+--------+--------+-----+--------+
         Total |   3507 |   3382 |    125 |     66 |   2937 |   4 |  876.8 |
       Dungeon |   3507 |   3382 |    125 |     66 |   2937 |   4 |  876.8 |
               +--------+--------+--------+--------+--------+-----+--------+

Top non-repeatable levels by time:
     D:2: 1369 daAuts
     D:1: 1073 daAuts
     D:3: 913 daAuts
     D:4: 150 daAuts
